 Dungeon Crawl Stone Soup version 0.30.0-5-g1a98f26d00 (webtiles) character file.

Game seed: 4648067379358511692

85421 jasper the Unseen (level 15, -2/78 HPs)
             Began as a Spriggan Venom Mage on May 12, 2023.
             Was a High Priest of Vehumet.
             Engulfed by a cloud of freezing vapour (14 damage)
             ... on level 15 of the Dungeon.
             The game lasted 01:01:57 (25971 turns).

jasper the Unseen (Spriggan Venom Mage)            Turns: 25971, Time: 01:01:58

Health: -2/78      AC:  6    Str:  8    XL:     15   Next: 38%
Magic:  18/30      EV: 30    Int: 23    God:    Vehumet [*****.]
Gold:   418        SH:  5    Dex: 15    Spells: 5/34 levels left

rFire   + + .        z - +2 sling (elec)
rCold   . . .        q - +0 buckler
rNeg    . . .        X - +1 robe of Fortitude {rF+ Slay+3}
rPois   .            d - +2 hat
rElec   .            w - +0 cloak
rCorr   .            (gloves unavailable)
SInv    +            (boots unavailable)
Will    ++...        x - amulet of magic regeneration
Stlth   ++++++       s - +5 ring of evasion
HPRegen 0.33/turn    Q - ring of protection from fire
MPRegen 0.62/turn

%: no passive effects
@: very quick
A: very small, no large weapons, unfitting armour, see invisible, speed 3,
strong 1
a: Renounce Religion


You were on level 15 of the Dungeon.
You worshipped Vehumet.
Vehumet was extremely pleased with you.
You visited 4 branches of the dungeon, and saw 23 of its levels.

You collected 2599 gold pieces.
You spent 2181 gold pieces at shops.

Inventory:

Hand Weapons
 z - a +2 sling of electrocution (weapon)
Missiles
 H - 7 curare-tipped darts
Armour
 a - a +0 robe
 d - a +2 hat (worn)
 q - a +0 buckler (worn)
 w - a +0 cloak (worn)
 F - a +2 robe of positive energy
 X - the +1 robe of Fortitude (worn) {rF+ Slay+3}
   (You found it on level 12 of the Dungeon)

   Slay:      It affects your accuracy & damage with ranged weapons and melee
   (+3).
   rF:        It protects you from fire.
Magical Staves
 i - a staff of death
 K - a staff of poison
 O - a staff of air
 P - the staff of death "Voggig" {rF+ rN+}
   (You found it on level 5 of the Lair of Beasts)

   [staff of death]

   Base accuracy: +5 Base damage: 5 Base attack delay: 1.2 This weapon's minimum
   attack delay (0.6) is reached at skill level 12.
   rF:        It protects you from fire.
   rN:        It protects you from negative energy.
   It falls into the 'Staves' category.
   It is a two-handed weapon.
Jewellery
 s - a +5 ring of evasion (left hand)
 x - an amulet of magic regeneration (around neck)
 G - a ring of protection from cold
 I - an amulet of regeneration
 L - an amulet of the acrobat
 Q - a ring of protection from fire (right hand)
 R - a ring of wizardry
 T - a ring of protection from cold
 U - a ring of positive energy
 W - a ring of ice
 Z - a ring of positive energy
Wands
 J - a wand of charming (4)
 M - a wand of polymorph (2)
 Y - a wand of flame (11)
Scrolls
 e - 2 scrolls of teleportation
 g - a scroll of silence
 m - 4 scrolls of enchant weapon
 t - 3 scrolls of immolation
 y - 3 scrolls of enchant armour
 A - 7 scrolls of identify
 B - 3 scrolls of magic mapping
 E - 2 scrolls of fog
 N - 3 scrolls of amnesia
Potions
 b - 2 potions of magic
 c - 4 potions of mutation
 f - 4 potions of ambrosia
 h - 4 potions of flight
 l - a potion of degeneration
 o - 3 potions of cancellation
 p - 2 potions of lignification
 r - 9 potions of curing
 u - 11 potions of heal wounds
 C - 6 potions of attraction
 D - 5 potions of brilliance
Miscellaneous
 V - a box of beasts (inert)


   Skills:
 - Level 8.5 Fighting
 - Level 13.8 Dodging
 - Level 15.6 Stealth
 - Level 6.0 Shields
 - Level 10.4 Spellcasting
 - Level 6.0 Conjurations
 + Level 6.9 Summonings
 + Level 11.7 Translocations
 - Level 1.3 Transmutations
 - Level 2.0 Fire Magic
 - Level 6.0 Ice Magic
 - Level 6.0 Air Magic
 - Level 7.0 Poison Magic
 - Level 5.0 Evocations


You had 5 spell levels left.
You knew the following spells:

 Your Spells              Type           Power      Damage    Failure   Level
a - Arcjolt               Conj/Air       19%        1d29      5%          5
b - Poisonous Vapours     Pois/Air       84%        N/A       1%          2
c - Mephitic Cloud        Conj/Pois/Air  41%        N/A       1%          3
d - Olgreb's Toxic Radia  Pois           44%        N/A       1%          4
e - Scorch                Fire           42%        2d6       1%          2
f - Freezing Cloud        Conj/Ice/Air   19%        6-21      5%          5
g - Malign Gateway        Summ/Tloc      26%        N/A       82%         7
h - Apportation           Tloc           100%       N/A       1%          1

Your spell library contained the following spells:

 Spells                   Type           Power      Damage    Failure   Level
 Conjure Ball Lightning   Conj/Air       19%        3x3d6     26%         6
 Sting                    Tmut/Pois      100%       1d8       1%          1
 Summon Small Mammal      Summ           100%       N/A       1%          1
 Cigotuvi's Dreadful Rot  Necr/Pois/Air  64%        N/A       1%          2
 Static Discharge         Conj/Air       78%        2-6/arc   1%          2
 Call Canine Familiar     Summ           43%        N/A       1%          3
 Airstrike                Air            19%        2d(3-19)  1%          4
 Portal Projectile        Hex/Tloc       76%        N/A       2%          3
 Flame Wave               Conj/Fire      30%        2d9       4%          4
 Summon Lightning Spire   Summ/Air       41%        N/A       5%          4
 Summon Guardian Golem    Hex/Summ       27%        N/A       6%          3
 Fireball                 Conj/Fire      15%        3d8       11%         5
 Tukima's Dance           Hex            11%        N/A       24%         3
 Alistair's Intoxication  Tmut/Pois      20%        N/A       36%         5
 Dispel Undead            Necr           11%        3d9       61%         4
 Blade Hands              Tmut           9%         N/A       77%         5
 Summon Cactus Giant      Summ           21%        N/A       56%         6
 Summon Hydra             Summ           21%        N/A       98%         7
 Death Channel            Necr           5%         N/A       100%        6
 Storm Form               Tmut/Air       14%        N/A       100%        7
 Summon Horrible Things   Summ           21%        N/A       100%        8


Dungeon Overview and Level Annotations

Branches:
Dungeon (15/15)            Temple (1/1) D:5            Lair (5/5) D:10
  Swamp (0/4) Lair:2        Slime (0/5) Lair:4          Orc (2/2) D:10
    Elf (0/3) Orc:2        Vaults (0/5) D:14
  Snake: Lair:2-3    Spider: Lair:2-3    Depths: D:15

Altars:
Cheibriados
Dithmenos
Elyvilon
Fedhas
Gozag
Hepliaklqana
Makhleb
Okawaru
Qazlal
Uskayaw
Vehumet
Wu Jian
Xom
Zin
The Shining One
Jiyva

Shops:
D:4 *   D:9 *   D:11 [[   Orc:1 *   Orc:2 !*:[

Portals:
Pandemonium: Orc:2
Trove: D:10 (give 6 potions of haste)

Annotations:
D:11 exclusion: ice statue
D:13 Rupert
Lair:4 exclusion: 2 oklob plants
Orc:1 3 runed translucent doors, Esekla's ghost, journeyman NaNe


Innate Abilities, Weirdness & Mutations

You are very small and have problems with some larger weapons.
You are too small for most types of armour.
You have supernaturally acute eyesight. (SInv)
You cover ground extremely quickly. (Speed+++)
Your muscles are strong. (Str +4, Int/Dex -1)


Message History

The cyan ugly thing basks in the mutagenic energy from its kin and changes!
A basilisk comes into view.
Casting: Olgreb's Toxic Radiance (dangerous; 1% risk of failure)
Confirm with . or Enter, or press ? or * to list all spells.
You begin to radiate toxic energy.
The orc shouts!
The orc is poisoned.
The red ugly thing looks even sicker.
The red ugly thing is poisoned.
You hear an angry hiss.
You now have 16/30 mp.
You kill the orc!
Vehumet accepts your kill.
You feel your power returning.
The red ugly thing looks even sicker.
You regained 2 mp, and now have 18/30 mp.
The red ugly thing looks even sicker.
Casting: Olgreb's Toxic Radiance (dangerous; 1% risk of failure)
Confirm with . or Enter, or press ? or * to list all spells.
Aiming: Freezing Cloud (dangerous; 5% risk of failure)
Press: ? - help, Dir - move target Your toxic aura wanes.
The red ugly thing is engulfed in freezing vapours. x3
You now have 14/30 mp.
The red ugly thing is engulfed in freezing vapours. x3
Casting: Freezing Cloud (dangerous; 5% risk of failure)
Confirm with . or Enter, or press ? or * to list all spells.
Aiming: Freezing Cloud (dangerous; 5% risk of failure)
Press: ? - help, Dir - move target, f - red ugly thing
Aim: a red ugly thing (severely wounded, very poisoned)
Okay, then.
The red ugly thing is engulfed in freezing vapours.
Vehumet accepts your kill.
You feel your power returning.
You feel a bit more experienced.
You regained 6 mp, and now have 21/30 mp.
Casting: Freezing Cloud (dangerous; 5% risk of failure)
Confirm with . or Enter, or press ? or * to list all spells.
Aiming: Freezing Cloud (dangerous; 5% risk of failure)
Press: ? - help, Dir - move target That beam is likely to hit you.
Continue anyway?
You are engulfed in freezing vapours.
You die...

.#.......#########
.#.o..o..u.u.u.§§#
.#.#####.#######§#
##.#####.#.....#u#
u...)...)......#§#
o######..#...#.#§#
o #....).#.#§#
##.#..)#.#§#
#......)#@#
#.#####)#§# #.#
#†#.# #.# #.#.#
#.#####)#.#
#.......#.#
#######)#.# ...


You could see a red ugly thing (very poisoned).

Vanquished Creatures
  A fire dragon (D:14)
  Josephine (Lair:4)
  5 hydras
  2 demonspawn (Orc:2)
  3 boulder beetles
  3 catoblepae
  8 centaur warriors
  5 two-headed ogres
  9 death yaks
  Urug (Lair:1)
  2 tengu warriors
  4 orc high priests (Orc:2)
  2 sun demons (Orc:2)
  3 skeletal warriors
  Nergalle (D:12)
  2 skysharks (Lair:3)
  Lodul (D:10)
  2 lindwurms
  7 orc knights
  A phantasmal warrior (D:14)
  A wolf spider (D:10)
  An ugly thing (D:15)
  10 orc sorcerers
  5 cyclopes
  4 manticores
  2 slime creatures (D:14)
  6 elephants
  5 black mambas
  Maurice (Orc:1)
  A rust devil (Orc:2)
  2 torpor snails (Lair:5)
  2 gargoyles (D:10)
  An orange demon (Orc:2)
  8 cane toads
  An unseen horror (D:11)
  4 rime drakes
  5 komodo dragons
  An efreet (D:14)
  The ghost of geeko55 the Charlatan, a novice DEAr (D:5)
  A hellwing (Orc:2)
  5 trolls
  A tengu conjurer (D:15)
  Prince Ribbit (D:9)
  A red devil (Orc:2)
  A meliai (shapeshifter) (D:14)
  2 polar bears
  A polar bear (shapeshifter) (D:14)
  9 blink frogs (Lair:4)
  An air elemental (D:12)
  6 dream sheep (Lair:5)
  A water elemental (D:12)
  A shadow (D:12)
  53 yaks
  Sigmund (D:3)
  7 wraiths
  5 basilisks
  6 wyverns
  2 steam dragons
  A fire elemental (D:12)
  9 vampire mosquitoes
  A warg (Orc:1)
  14 water moccasins
  An ice beast (D:6)
  A black bear (D:8)
  36 orc warriors
  10 ogres
  5 wolves (Lair:5)
  22 centaurs
  2 phantoms
  2 kobold brigands
  Blork the orc (D:4)
  5 bullfrogs
  2 gnoll sergeants (D:9)
  5 scorpions
  4 wights
  5 killer bees (D:9)
  4 electric eels (D:8)
  7 howler monkeys
  A crimson imp (D:5)
  3 hounds
  2 jellies
  2 gnoll boudas
  33 orc priests
  2 iguanas
  2 hell rats (Lair:1)
  22 orc wizards
  Robin (D:3)
  19 gnolls
  10 adders
  7 river rats (Lair:1)
  A shadow imp (D:8)
  A white imp (D:5)
  A worm (D:4)
  2 dart slugs
  110 orcs
  7 ball pythons
  5 bats
  13 endoplasms
  3 giant cockroaches
  12 goblins
  6 hobgoblins
  15 jackals
  3 quokkas
  3 frilled lizards
  13 kobolds
  4 rats
669 creatures vanquished.

Vanquished Creatures (collateral kills)
  A skeletal warrior (D:13)
  An orc priest (Orc:2)
2 creatures vanquished.

Grand Total: 671 creatures vanquished

Notes
Turn   | Place    | Note
-------+----------+-------------------------------------------
     0 | D:1      | jasper the Spriggan Venom Mage began the quest for the Orb.
     0 | D:1      | Reached XP level 1. HP: 9/9 MP: 5/5
   400 | D:1      | Reached XP level 2. HP: 13/13 MP: 3/6
   474 | D:1      | Learned a level 2 spell: Poisonous Vapours
  1066 | D:1      | Reached XP level 3. HP: 13/16 MP: 3/8
  1070 | D:1      | Learned a level 3 spell: Mephitic Cloud
  1693 | D:2      | Reached XP level 4. HP: 17/21 MP: 6/9
  1887 | D:3      | Reached skill level 5 in Poison Magic
  2806 | D:3      | Noticed Sigmund
  2818 | D:3      | Killed Sigmund
  2819 | D:3      | Reached XP level 5. HP: 19/24 MP: 1/10
  2819 | D:3      | Reached XP level 6. HP: 22/28 MP: 1/11
  3081 | D:3      | Noticed Robin
  3092 | D:3      | Killed Robin
  3268 | D:4      | Reached skill level 1 in Conjurations
  3281 | D:4      | Reached skill level 1 in Air Magic
  3825 | D:4      | Noticed Blork the orc
  3845 | D:4      | Killed Blork the orc
  3846 | D:4      | Reached XP level 7. HP: 20/32 MP: 6/13
  3953 | D:4      | Found Vamok's Assorted Antiques.
  3966 | D:4      | Bought a buckler for 112 gold pieces
  3966 | D:4      | Bought a coppery potion for 22 gold pieces
  4039 | D:4      | Learned a level 4 spell: Olgreb's Toxic Radiance
  4058 | D:4      | Reached skill level 1 in Fighting
  4063 | D:4      | Reached skill level 4 in Stealth
  4817 | D:5      | Entered Level 5 of the Dungeon
  4887 | D:5      | Found a runed translucent gate.
  4888 | D:5      | Found a runed translucent gate.
  4889 | D:5      | Found a runed translucent gate.
  4889 | D:5      | Noticed geeko55's ghost (novice DEAr)
  4891 | D:5      | Identified the +6 spear "Hinih" {heavy, *Corrode rElec rF+}
  4891 | D:5      | Identified the +4 ring mail "Soralyg" {Will+}
  4944 | D:5      | Found a burning altar of Makhleb.
  5012 | D:5      | Reached skill level 1 in Shields
  5012 | D:5      | Reached skill level 5 in Spellcasting
  5307 | D:6      | Reached XP level 8. HP: 39/39 MP: 9/17
  5439 | D:6      | Reached skill level 5 in Stealth
  6348 | D:7      | Found a hide-covered altar of Uskayaw.
  6359 | D:7      | Reached skill level 5 in Dodging
  6430 | D:7      | Reached skill level 6 in Stealth
  6839 | D:7      | Reached XP level 9. HP: 40/44 MP: 17/21
  7182 | D:8      | Reached skill level 7 in Stealth
  7291 | D:8      | Noticed a two-headed ogre
  7321 | D:8      | Killed a two-headed ogre
  7468 | D:8      | Reached skill level 8 in Stealth
  7526 | D:8      | You fall into a shaft and drop 2 floors!
  7526 | D:10     | Entered Level 10 of the Dungeon
  7559 | D:10     | Noticed Lodul
  7847 | D:10     | Noticed a four-headed hydra
  7847 | D:10     | Noticed an orc knight
  7847 | D:10     | Noticed a tengu warrior
  7847 | D:10     | Noticed a skeletal warrior
  7847 | D:10     | Noticed a centaur warrior
  7863 | D:9      | Found a shadowy altar of Dithmenos.
  7864 | D:9      | Found a glowing golden altar of the Shining One.
  7865 | D:9      | Found a radiant altar of Vehumet.
  7865 | D:9      | Found an iron altar of Okawaru.
  7866 | D:9      | Found a snail-covered altar of Cheibriados.
  7867 | D:9      | Found an ornate altar of the Wu Jian Council.
  7869 | D:9      | Found a blossoming altar of Fedhas.
  7870 | D:9      | Found a white marble altar of Elyvilon.
  7874 | D:9      | Became a worshipper of Vehumet
  7923 | D:9      | Reached XP level 10. HP: 26/51 MP: 21/23
  8017 | D:9      | Reached skill level 9 in Stealth
  8180 | D:7      | Reached * piety under Vehumet
  8180 | D:7      | Offered knowledge of Kiss of Death by Vehumet.
  8643 | D:5      | Found a staircase to the Ecumenical Temple.
  8886 | D:5      | Found an opulent altar of Gozag.
  8887 | D:5      | Found a glowing silver altar of Zin.
  9026 | D:5      | Learned a level 2 spell: Scorch
  9262 | D:5      | Killed geeko55's ghost
  9263 | D:5      | Reached skill level 1 in Fire Magic
  9263 | D:5      | Reached skill level 5 in Evocations
  9391 | Temple   | Entered the Ecumenical Temple
  9894 | D:9      | Reached ** piety under Vehumet
 10014 | D:9      | Noticed Prince Ribbit
 10023 | D:9      | Killed Prince Ribbit
 10260 | D:9      | Reached skill level 5 in Fighting
 10269 | D:9      | Found Ataumoj's Island Escapes.
 10362 | D:9      | Offered knowledge of Static Discharge by Vehumet.
 10363 | D:9      | Reached skill level 10 in Stealth
 10405 | D:9      | Bought a scroll of blinking for 127 gold pieces
 10405 | D:9      | Bought a scroll of blinking for 127 gold pieces
 10405 | D:9      | Bought a scroll of fog for 68 gold pieces
 10521 | D:10     | Killed a centaur warrior
 10525 | D:10     | Killed an orc knight
 10561 | D:10     | Killed a four-headed hydra
 10562 | D:10     | Reached XP level 11. HP: 56/56 MP: 24/24
 10583 | D:10     | Reached skill level 10 in Dodging
 10603 | D:10     | Reached skill level 11 in Stealth
 10603 | D:10     | Reached skill level 5 in Shields
 10679 | D:10     | HP: 2/56 [poisoned by an orc (curare-tipped dart)]
 10919 | D:10     | Noticed a wolf spider
 10929 | D:11     | Offered knowledge of Volatile Blastmotes by Vehumet.
 11174 | D:12     | Found a large runed translucent door.
 11174 | D:12     | Found a large runed translucent door.
 11178 | D:12     | Paralysed by an air elemental for 1 turns
 11367 | D:13     | Noticed a skeletal warrior
 11367 | D:13     | Noticed a skeletal warrior
 11367 | D:13     | Noticed a skeletal warrior
 11546 | D:13     | Noticed Rupert
 11595 | D:12     | Noticed Nergalle
 11670 | D:11     | Found Kussirhu's Armour Emporium.
 11724 | D:11     | Reached *** piety under Vehumet
 11736 | D:11     | Noticed a centaur warrior
 11841 | D:10     | Noticed a two-headed ogre
 11975 | D:10     | Found a staircase to the Orcish Mines.
 11987 | Orc:1    | Entered Level 1 of the Orcish Mines
 11995 | Orc:1    | Reached skill level 12 in Stealth
 11998 | Orc:1    | Noticed Maurice
 12007 | Orc:1    | Killed Maurice
 12056 | Orc:2    | Entered Level 2 of the Orcish Mines
 12056 | Orc:2    | Noticed a two-headed ogre
 12056 | Orc:2    | Noticed an orc sorcerer
 12057 | Orc:2    | Noticed an orc knight
 12060 | Orc:2    | Found a staircase to the Elven Halls.
 12061 | Orc:2    | Offered knowledge of Hailstorm by Vehumet.
 12062 | Orc:2    | Killed an orc sorcerer
 12071 | Orc:2    | Killed a two-headed ogre
 12113 | Orc:2    | Killed an orc knight
 12148 | Orc:2    | Noticed a two-headed ogre
 12178 | Orc:2    | Killed a two-headed ogre
 12239 | Orc:1    | Noticed an orc sorcerer
 12245 | Orc:1    | Gained mutation: Your muscles are strong. (Str +4, Int/Dex
                  | -1) [a neqoxec]
 12247 | Orc:1    | Killed an orc sorcerer
 12248 | Orc:1    | Reached skill level 13 in Stealth
 12344 | Orc:1    | Found a runed translucent gate.
 12344 | Orc:1    | Found a runed translucent gate.
 12344 | Orc:1    | Found a runed translucent gate.
 12345 | Orc:1    | Found an opulent altar of Gozag.
 12361 | Orc:1    | Reached XP level 12. HP: 63/63 MP: 20/25
 12399 | Orc:1    | Reached **** piety under Vehumet
 12412 | Orc:1    | Offered knowledge of Freezing Cloud by Vehumet.
 12436 | Orc:1    | Learned a level 5 spell: Freezing Cloud
 12733 | Orc:1    | Found Loruuwib's Assorted Antiques.
 12733 | Orc:1    | Noticed Esekla's ghost (journeyman NaNe)
 12970 | Orc:2    | Reached skill level 1 in Ice Magic
 13077 | Orc:2    | Reached ***** piety under Vehumet
 13144 | Orc:2    | Offered knowledge of Fireball by Vehumet.
 13251 | Orc:2    | Learned a level 5 spell: Fireball
 13441 | Orc:2    | Found Rogrig's Distillery.
 13476 | Orc:2    | Found Koggo's General Store.
 13851 | D:10     | Killed Lodul
 13891 | D:10     | Found a staircase to the Lair.
 13917 | Lair:1   | Entered Level 1 of the Lair of Beasts
 14384 | Lair:1   | Noticed a boulder beetle
 14548 | Lair:1   | Killed a boulder beetle
 14623 | Lair:1   | Noticed Urug
 14675 | Lair:1   | Killed Urug
 14949 | Lair:1   | Reached skill level 5 in Air Magic
 15295 | Lair:2   | Noticed a four-headed hydra
 15304 | Lair:2   | Killed a four-headed hydra
 15361 | Lair:2   | Found a staircase to the Swamp.
 16083 | Lair:2   | Noticed a death yak
 16113 | Lair:2   | Killed a death yak
 16114 | Lair:2   | Reached XP level 13. HP: 67/67 MP: 26/26
 16160 | Lair:2   | Reached skill level 5 in Ice Magic
 16235 | Lair:2   | Reached skill level 5 in Conjurations
 16655 | Lair:3   | Offered knowledge of Arcjolt by Vehumet.
 16763 | Lair:3   | Learned a level 5 spell: Arcjolt
 16839 | Lair:3   | You fall into a shaft and drop 1 floor!
 16839 | Lair:4   | Noticed Josephine
 16847 | Lair:4   | Killed Josephine
 17186 | Lair:4   | Reached skill level 14 in Stealth
 17637 | Lair:4   | Found a viscous altar of Jiyva.
 17861 | Lair:4   | Found a staircase to the Slime Pits.
 18013 | Lair:5   | Entered Level 5 of the Lair of Beasts
 18350 | Lair:5   | Offered knowledge of Eringya's Noxious Bog by Vehumet.
 18781 | Lair:5   | Reached XP level 14. HP: 73/73 MP: 13/28
 19085 | Lair:5   | Reached skill level 15 in Stealth
 19095 | Lair:5   | HP: 2/73 [something (9)]
 19395 | Lair:5   | Reached skill level 10 in Spellcasting
 19502 | Lair:5   | Identified the staff of death "Voggig" {rF+ rN+}
 20364 | Orc:2    | Bought a potion of heal wounds for 60 gold pieces
 20364 | Orc:2    | Bought a potion of heal wounds for 60 gold pieces
 20364 | Orc:2    | Bought a Grand Grimoire for 408 gold pieces
 20372 | Orc:2    | Learned a level 7 spell: Malign Gateway
 20384 | Orc:2    | Bought a potion of curing for 39 gold pieces
 20384 | Orc:2    | Bought a potion of heal wounds for 65 gold pieces
 20384 | Orc:2    | Bought a potion of heal wounds for 65 gold pieces
 20384 | Orc:2    | Bought a potion of ambrosia for 104 gold pieces
 20384 | Orc:2    | Bought a potion of brilliance for 52 gold pieces
 20384 | Orc:2    | Bought 2 potions of brilliance for 104 gold pieces
 20415 | Orc:2    | Reached skill level 1 in Translocations
 20424 | Orc:2    | Reached skill level 1 in Summonings
 20862 | Orc:2    | Reached skill level 5 in Translocations
 21007 | Orc:2    | Found Eqyavvuonn's Book Boutique.
 21007 | Orc:2    | Found Cost's Antique Armour Shop.
 21113 | Orc:2    | Found a one-way gate leading to the halls of Pandemonium.
 21119 | Orc:2    | Bought A Thorough Guide to Gnosis for 512 gold pieces
 21119 | Orc:2    | Bought a book of Party Tricks for 256 gold pieces
 21121 | Orc:2    | Learned a level 1 spell: Apportation
 21342 | D:10     | Found a portal to a secret trove of treasure.
 22291 | D:11     | Found Fikaepy's Armour Shop.
 22649 | D:11     | Found an iron altar of Okawaru.
 22838 | D:12     | Identified the +1 robe of Fortitude {rF+ Slay+3}
 22920 | D:12     | Killed Nergalle
 22920 | D:12     | Offered knowledge of Conjure Ball Lightning by Vehumet.
 22958 | D:12     | Paralysed by an air elemental for 1 turns
 23208 | D:12     | Reached skill level 5 in Summonings
 23620 | D:13     | Reached XP level 15. HP: 24/78 MP: 4/30
 24592 | D:13     | Reached skill level 10 in Translocations
 24933 | D:14     | Identified the +11 whip of Haum {holy, rElec rCorr Str+3}
 25781 | D:14     | Found a gate to the Vaults.
 25815 | D:15     | Entered Level 15 of the Dungeon
 25971 | D:15     | Engulfed by a cloud of freezing vapour

Illustrated notes

Levels and vault maps discovered:
D:1:      lemuel_arrival_lava_pool, layout_basic
D:2:      layout_basic
D:3:      layout_rooms, uniq_sigmund, uniq_robin
D:4:      layout_loops_ring, serial_shops, shop, minmay_misc_feat_square,
          uniq_blork_the_orc
D:5:      layout_loops_cross, grunt_temple_overflow_gold_and_silver,
          lightli_temple_of_fire, minmay_temple_entry_ruins,
          biasface_ghost_orc_armoury, minmay_fire_ice_demons
D:6:      layout_basic, kennysheep_generic_room_4
D:7:      layout_loops_cross, overflow_temple_1_default, hangedman_decor_lopped
D:8:      layout_gridville, serial_bayou, serial_bayou_crossing,
          serial_bayou_pond_c, serial_bayou_pond_e, serial_bayou_lagoon_a,
          serial_bayou_pond_b, serial_bayou_pond_c, nicolae_figureground_pulse
D:9:      layout_rooms, minitemple, grunt_ministairs_13, nicolae_island_escapes,
          uniq_prince_ribbit1
D:10:     minmay_shrinking_squares, layout_basic, lair_entry_dummy, david_orc_4,
          nicolae_trove_entry_isolated, grunt_decor_cap, uniq_lodul
D:11:     lemuel_ice_statue, layout_rooms, serial_rivers,
          chequers_serial_rivers_large_b, chequers_serial_rivers_micro_a,
          chequers_serial_rivers_small_a, chequers_serial_rivers_room_b,
          chequers_serial_rivers_micro_d, chequers_serial_rivers_micro_c,
          serial_shops, nicolae_shop_advertising_works
          [nicolae_subvault_shop_adworks], nicolae_shop_tiny_waterfront,
          okawaru_altar_gauntlet_db
D:12:     layout_big_octagon, lightli_elemental_guards, uniq_nergalle
D:13:     layout_roguey, uniq_rupert
D:14:     layout_rooms, david_vaults_4
D:15:     grunt_enter_depths_hoard, layout_basic, special_room
          [special_room_orc], minmay_crystal_water
Temple:   compressed_dpeg_circular_temple
Lair:1:   layout_cave_shapes, chequers_serial_rivers_small_a,
          kennysheep_rathole, uniq_urug
Lair:2:   layout_roguey, swamp_mist, minmay_stone_trees_small
Lair:3:   layout_chaotic_city, nicolae_snake_entry_warm_welcome,
          grunt_forest_stairs_basic, fungi_pond_lemuel
Lair:4:   layout_regular_city, minmay_slime_entry_oklob_open, uniq_josephine
Lair:5:   hangedman_lair_in_review, layout_cave_pods
Orc:1:    layout_diamond_mine, ebering_ghost_gozag, mines2_david, uniq_maurice
Orc:2:    pf_orc_diabolical, layout_caves

Skill      XL: |  1  2  3  4  5  6  7  8  9 10 11 12 13 14 15 |
---------------+----------------------------------------------+-----
Spellcasting   | 3 5 7 8 9 10 | 10.4
Poison Magic   | 4 6 7 |  7.0
Conjurations   | 1 4 6 |  6.0
Air Magic      | 1 5 6 |  6.0
Dodging        | 3 4 5 8 9 11 13 | 13.8
Fighting       | 1 3 4 5 7 8 |  8.5
Stealth        | 4 6 8 10 13 14 15 | 15.6
Shields        | 1 2 3 4 6 |  6.0
Evocations     | 5 |  5.0
Fire Magic     | 2 |  2.0
Ice Magic      | 4 6 |  6.0
Translocations | 9 11 | 11.7
Summonings     | 5 6 |  6.9
Transmutations | |  1.3

Action                     |  1- 3 |  4- 6 |  7- 9 | 10-12 | 13-15 || total
---------------------------+-------+-------+-------+-------+-------++-------
  Melee: Spear             |    32 |     7 |       |       |       ||    39
         Rapier            |       |    25 |    80 |       |       ||   105
   Fire: Sling             |       |       |    28 |   339 |   123 ||   490
   Cast: Sting             |    54 |    59 |    38 |     4 |       ||   155
         Poisonous Vapours |    18 |    47 |    83 |    91 |    85 ||   324
         Olgreb's Toxic Ra |       |       |    30 |   174 |    87 ||   291
         Mephitic Cloud    |       |       |     4 |    17 |     4 ||    25
         Scorch            |       |       |       |    19 |     4 ||    23
         Freezing Cloud    |       |       |       |     7 |   215 ||   222
         Arcjolt           |       |       |       |       |    25 ||    25
  Evoke: Wand              |       |       |     4 |    15 |     1 ||    20
         Box of beasts     |       |       |       |       |     1 ||     1
    Use: Scroll            |       |     8 |     4 |    18 |     5 ||    35
         Potion            |       |       |       |     2 |     4 ||     6
 Armour: Robe              |     8 |     5 |    12 |    23 |    15 ||    63
  Dodge: Dodged            |    42 |    31 |    88 |   273 |   228 ||   662
  Block: Buckler           |       |       |    16 |    75 |    51 ||   142
